 Dungeon Crawl Stone Soup version 0.25.1-2-g60ff931df9 (webtiles) character file.

Game seed: 5631782852714187759

160067 DearestLeader the Severer (level 16, -3/120 HPs)
             Began as a Demonspawn Abyssal Knight on Sept 28, 2020.
             Was a High Priest of Lugonu.
             Slain by a naga warrior
             ... wielding a +0 halberd
              (10 damage)
             ... on level 1 of the Snake Pit.
             The game lasted 01:31:29 (40239 turns).

DearestLeader the Severer (DsAK)                   Turns: 40239, Time: 01:31:31

Health: -3/120     AC: 38    Str: 21    XL:     16   Next: 91%
Magic:  22/22      EV: 12    Int: 13    God:    Lugonu [*****.]
Gold:   2370       SH:  5    Dex: 12    Spells: 15/15 levels left

rFire    . . .     SeeInvis .   n - +6 demon trident
rCold    + + +     Gourm    .   (no shield)
rNeg     + . .     Faith    .   T - +4 plate armour {rN+}
rPois    +         Spirit   .   (helmet unavailable)
rElec    .         Reflect  +   S - scarf {+Inv}
rCorr    .         Harm     .   t - +2 pair of gloves
MR       +++..                  v - +0 pair of boots
Stlth    ..........             K - amulet of reflection
HPRegen  0.30/turn              A - ring of the Hippo {rPois rC++ MR+ Dex-4 Stlth+}
MPRegen  0.18/turn              i - ring of Padgheowi {rC+ AC+4}

@: sanguine armour
A: horns 3, agile 1, cold resistance 1, deterioration 1, low mp 1, magic
resistance 1, sense surroundings 1, powered by death 2, spiny 1, strong 1,
sanguine armour 2
}: 1/15 runes: decaying
a: Depart the Abyss, Bend Space, Banish, Corrupt, Enter the Abyss, Renounce
Religion, Evoke Invisibility


You were on level 1 of the Snake Pit.
You worshipped Lugonu.
Lugonu was extremely pleased with you.
You were very hungry.

You visited 5 branches of the dungeon, and saw 28 of its levels.
You visited the Abyss 1 time.
You also visited: Ice Cave.

You collected 2645 gold pieces.
You spent 275 gold pieces at shops.

Inventory:

Hand Weapons
 h - a +5 battleaxe
 n - a +6 demon trident (weapon)
Armour
 t - a +2 pair of gloves (worn)
 v - a +0 pair of boots (worn)
 S - a scarf of invisibility (worn)
 T - a +4 plate armour of positive energy (worn)
Jewellery
 a - an uncursed ring of magical power
 i - the ring of Padgheowi (right hand) {rC+ AC+4}
   (You found it on level 1 of the Swamp)

   [ring of protection]

   It affects your AC (+4).
   It protects you from cold.
 m - an uncursed ring of fire
 q - an uncursed ring of stealth
 s - an uncursed ring of flight
 A - the ring of the Hippo (left hand) {rPois rC++ MR+ Dex-4 Stlth+}
   (You found it on level 2 of the Swamp)

   [ring of stealth]

   It affects your dexterity (-4).
   It greatly protects you from cold.
   It protects you from poison.
   It affects your resistance to hostile enchantments.
   It makes you more stealthy.
 E - an uncursed ring of poison resistance
 F - the amulet "Etoshuo" {Acrobat rPois rC- Str+8 Int-2}
   (You found it on level 2 of the Swamp)

   [amulet of the acrobat]

   It helps you evade while moving and waiting.
   It affects your strength (+8).
   It affects your intelligence (-2).
   It makes you vulnerable to cold.
   It protects you from poison.
 H - an uncursed ring of ice
 K - an amulet of reflection (around neck)
 O - a +4 ring of evasion
 Q - an uncursed ring of protection from fire
 Y - an uncursed ring of protection from cold
Wands
 f - a wand of digging (6)
 w - a wand of enslavement (2)
 C - a wand of disintegration (42)
 N - a wand of paralysis (15)
 R - a wand of acid (13)
 Z - a wand of flame (34)
Scrolls
 e - 6 scrolls of amnesia
 g - 8 scrolls of magic mapping
 j - 8 scrolls of enchant weapon
 k - 14 scrolls of remove curse
 o - 5 scrolls of teleportation
 u - 2 scrolls of blinking
 y - a scroll of vulnerability {unknown}
 G - 3 scrolls of fear
 I - 2 scrolls of silence
 U - 2 scrolls of identify
 W - 4 scrolls of fog
Potions
 b - a potion of haste
 d - a potion of invisibility {unknown}
 l - 2 potions of brilliance
 r - 5 potions of curing
 x - 2 potions of stabbing
 z - 4 potions of might
 B - 3 potions of magic
 J - 2 potions of cancellation
 L - 3 potions of flight
 P - 3 potions of mutation
 V - 2 potions of ambrosia (quivered)
Comestibles
 c - 30 rations


   Skills:
 + Level 9.0 Fighting
 * Level 18.3 Axes
 + Level 13.4 Armour
 + Level 11.8 Dodging
 - Level 12.0 Invocations


You had 15 spell levels left.
You didn't know any spells.
Your spell library contained the following spells:

 Spells                   Type           Power        Failure   Level  Hunger
 Apportation              Tloc           #.....       98%         1    ##.....
 Foxfire                  Conj/Fire      #...         98%         1    ##.....
 Infusion                 Chrm           #...         98%         1    ##.....
 Magic Dart               Conj           #...         98%         1    ##.....
 Sandblast                Erth           #.....       98%         1    ##.....
 Blink                    Tloc           N/A          99%         2    ###....
 Call Imp                 Summ           #.......     99%         2    ###....
 Corpse Rot               Necr/Air       N/A          99%         2    ###....
 Passwall                 Tmut/Erth      #.......     99%         2    ###....
 Searing Ray              Conj           #.....       99%         2    ###....
 Shroud of Golubria       Chrm/Tloc      #.....       99%         2    ###....
 Slow                     Hex            #.......     99%         2    ###....
 Song of Slaying          Chrm           #.......     99%         2    ###....
 Conjure Flame            Conj/Fire      #.......     100%        3    ####...
 Dazzling Flash           Conj/Hex       #.....       100%        3    ####...
 Inner Flame              Hex/Fire       #.......     100%        3    ####...
 Mephitic Cloud           Conj/Pois/Air  #.......     100%        3    ####...
 Ozocubu's Armour         Chrm/Ice       #.......     100%        3    ####...
 Spectral Weapon          Hex/Chrm       #.......     100%        3    ####...
 Static Discharge         Conj/Air       #.......     100%        3    ####...
 Stone Arrow              Conj/Erth      #.....       100%        3    ####...
 Teleport Other           Tloc           #.......     100%        3    ####...
 Dispel Undead            Necr           #.......     100%        4    #####..
 Fulminant Prism          Conj/Hex       #.........   100%        4    #####..
 Iskenderun's Mystic Bla  Conj/Tloc      #.......     100%        4    #####..
 Petrify                  Tmut/Erth      #.......     100%        4    #####..
 Sticky Flame             Conj/Fire      #.......     100%        4    #####..
 Summon Lightning Spire   Summ/Air       #.......     100%        4    #####..
 Bolt of Magma            Conj/Fire/Erth #.........   100%        5    ######.
 Fireball                 Conj/Fire      #.........   100%        5    ######.
 Iskenderun's Battlesphe  Conj/Chrm      #.......     100%        5    ######.
 Lee's Rapid Deconstruct  Erth           #.........   100%        5    ######.
 Lightning Bolt           Conj/Air       #.........   100%        5    ######.
 Silence                  Hex/Air        #.........   100%        5    ######.
 Summon Forest            Summ/Tloc      #.........   100%        5    ######.
 Conjure Ball Lightning   Conj/Air       #.........   100%        6    #######
 Eringya's Noxious Bog    Tmut/Pois      #.........   100%        6    #######
 Hydra Form               Tmut           #.........   100%        6    #######
 Iron Shot                Conj/Erth      #.........   100%        6    #######
 Orb of Destruction       Conj           #.........   100%        7    #######
 Spellforged Servitor     Conj/Summ      #.........   100%        7    #######
 Summon Hydra             Summ           #.........   100%        7    #######
 Ignition                 Fire           #.........   100%        8    #######
 Shatter                  Erth           #.........   100%        9    #######
 Tornado                  Air            #.........   100%        9    #######


Dungeon Overview and Level Annotations

Branches:
Dungeon (15/15)            Temple (0/1) D:7            Lair (6/6) D:8
  Swamp (4/4) Lair:3        Snake (1/4) Lair:2        Slime (0/5) Lair:6
    Orc (2/2) D:10            Elf (0/3) Orc:2        Vaults (0/5) D:13
  IceCv (visited)
 Depths: D:15

Altars:
Ashenzari
Fedhas
Gozag
Makhleb
Qazlal
Ru
Sif Muna
Uskayaw
Vehumet
Wu Jian
Xom
Yredelemnul
Zin
Beogh
Jiyva

Shops:
D:5 !   Orc:2 (*[!!

Annotations:
D:4 1 runed translucent door, peterlawrence's ghost, novice MiFi
D:6 3 runed translucent doors, Xye's ghost, novice MiBe
D:7 exclusion: oklob sapling
D:12 2 transporters, Roomul's ghost, novice FeEn
D:14 Roxanne
Snake:1 1 runed translucent door, Frances
Abyss:1 Jorgrun; Louise; Nergalle


Innate Abilities, Weirdness & Mutations

You have a pair of large horns on your head.
You regenerate health from kills.
You are partially covered in sharp spines.
When seriously injured, your bleeding wounds create thick armour. (AC +9)
You are agile. (Dex +2)
Your flesh is cold resistant. (rC+)
Your body sometimes deteriorates upon taking damage.
Your magical capacity is low. (-10% MP)
You are resistant to hostile enchantments. (MR+)
You passively map a small area around you.
Your muscles are strong. (Str +2)


Message History

Frances chants phrases taken from a devil's mouth.
The iron shot hits you!!
Your blood congeals into armour.
You puncture Frances! Your headbutt misses Frances.
Frances is heavily wounded.
Frances screams a word of power!
The iron shot hits you!!
The naga warrior hits you but does no damage.
You are too injured to fight recklessly!
You feel much better. Frances is struck by your spines.
Frances hits you with a +0 dire flail!
You barely miss Frances.
Frances is heavily wounded.
The naga warrior barely misses you.
You barely miss Frances.
Frances is heavily wounded.
Frances screams a word of power!
The iron shot hits you!!!
* * * LOW HITPOINT WARNING * * *
The naga warrior hits you from afar with a +0 halberd!
You die...

,, ########## , > , ##........#
.... #####....####.# * ,, ....
#..##...##.>#.# * .....
#...#...#...#.# .....
##..#...#'.##.# .....#
####.....####.#############....#
........(...)...@@4..........$#*
......⌠......#####N4....>.....#
.........)...###.()######....##
####.....######..### ######
##.'#...#).###..## ####
#...#...#.=.#...# ##..##
#..##...##.<#..## #.....
####.....####..# *#########....#
.....##### #((## }....#.#....##


You could see Frances, a naga warrior, a hellwing (summoned) and a rust devil
(summoned).

Vanquished Creatures
  Kirke (Lair:5)
  A thorn hunter (Swamp:4)
  An ironheart preserver (D:13)
  A very ugly thing (Swamp:2)
  A yaktaur captain (D:15)
  A fire dragon (Lair:6)
  7 ogre magi
  Fannar (D:11)
  20 hydras
  Erolcha (D:11)
  A ghost crab (Swamp:2)
  4 naga warriors (Snake:1)
  16 alligators
  3 anacondas (Snake:1)
  13 two-headed ogres
  6 death yaks
  2 shambling mangroves (Swamp:4)
  2 centaur warriors (D:14)
  Urug (D:11)
  3 naga sharpshooters (Snake:1)
  Sonja (Lair:4)
  4 skeletal warriors
  A naga ritualist (Snake:1)
  2 spriggan druids (Swamp:4)
  10 swamp dragons
  2 lindwurms (Lair:6)
  A necromancer (Swamp:1)
  A wolf spider zombie (D:14)
  A mana viper (Snake:1)
  An orc sorcerer (Orc:1)
  3 deep elf magi
  An ugly thing (D:13)
  A manticore (D:14)
  A faun (Lair:5)
  4 elephants (Lair:5)
  A naga mage (Snake:1)
  12 black mambas
  2 gargoyles
  A kobold demonologist (D:13)
  2 rime drakes
  8 spiny frogs
  13 komodo dragons
  A hydra zombie (Swamp:1)
  7 trolls
  6 tyrant leeches
  13 hornets
  11 blink frogs
  10 bog bodies
  7 hippogriffs
  19 slime creatures
  A shadow (Swamp:2)
  5 spriggans
  A wraith (D:14)
  5 hogs
  33 yaks
  5 wyverns
  7 basilisks
  2 steam dragons
  A hungry ghost (D:14)
  41 vampire mosquitoes
  Edmund (D:6)
  A tyrant leech zombie (Swamp:1)
  8 insubstantial wisps
  8 nagas
  3 wargs
  A soldier ant (D:12)
  21 swamp worms
  An acid dragon (D:14)
  6 water moccasins
  15 swamp drakes
  17 orc warriors
  12 ice beasts
  7 porcupines
  2 black bears
  4 hell hounds (Lair:6)
  3 phantoms
  6 sky beasts
  A swamp dragon zombie (Swamp:1)
  A necrophage (D:10)
  34 wolves
  5 centaurs
  31 ogres
  12 crocodiles
  2 komodo dragon zombies (Swamp:1)
  A big kobold (D:13)
  11 bullfrogs
  A wyvern skeleton (D:10)
  2 water moccasin zombies (Swamp:1)
  5 scorpions
  A water moccasin skeleton (D:9)
  8 wights
  9 killer bees
  7 howler monkeys
  2 electric eels
  4 crimson imps
  5 lava snakes (Lair:6)
  9 jellies
  4 hounds
  2 centaur zombies
  12 orc priests
  16 orc wizards
  2 centaur skeletons
  Natasha (D:2)
  3 bullfrog skeletons
  12 iguanas
  7 worker ants
  A hound skeleton (D:4)
  A worker ant zombie (D:11)
  Robin (D:2)
  7 gnolls
  A howler monkey skeleton (D:11)
  12 adders
  3 shadow imps
  12 white imps (Orc:2)
  6 oozes
  5 worms
  An adder skeleton (D:7)
  5 dart slugs (D:1)
  8 leopard geckos
  70 orcs
  9 bats
  8 giant cockroaches
  16 goblins
  9 hobgoblins
  10 jackals
  8 quokkas
  A ball python (D:2)
  7 frilled lizards
  A jackal skeleton (D:5)
  A jackal zombie (D:6)
  12 kobolds
  A quokka skeleton (D:5)
  7 rats
  A briar patch (Swamp:4)
884 creatures vanquished.

Vanquished Creatures (collateral kills)
  Harold (D:11)
1 creature vanquished.

Vanquished Creatures (others)
  3 shambling mangroves
  5 hydras
  A death knight (D:14)
  A ghost crab (Swamp:4)
  2 two-headed ogres
  A slime creature (Swamp:3)
  A skeletal warrior (D:11)
  2 ugly things
  2 molten gargoyles (Lair:6)
  A gargoyle (D:10)
  A troll (D:10)
  A hornet (Swamp:2)
  A spriggan (Swamp:2)
  A shadow (D:14)
  A naga (Lair:2)
  An orc warrior (D:8)
  A briar patch (Swamp:4)
  13 fungi
  2 plants
41 creatures vanquished.

Grand Total: 926 creatures vanquished

Notes
Turn   | Place    | Note
-------+----------+-------------------------------------------
     0 | Abyss:1  | DearestLeader the Demonspawn Abyssal Knight began the quest
                  | for the Orb.
     0 | Abyss:1  | Reached XP level 1. HP: 18/18 MP: 2/2
    39 | Abyss:1  | Noticed a tormentor
    40 | D:1      | Escaped the Abyss
   202 | D:1      | Reached skill level 2 in Axes
   257 | D:1      | Gained mutation: You are partially covered in sharp spines.
                  | [demonic ancestry]
   257 | D:1      | Reached XP level 2. HP: 18/24 MP: 4/4
   350 | D:1      | Reached * piety under Lugonu
   661 | D:1      | Gained mutation: You regenerate a little health from kills.
                  | [demonic ancestry]
   661 | D:1      | Reached XP level 3. HP: 25/29 MP: 5/5
   849 | D:1      | Reached skill level 3 in Axes
  1620 | D:2      | Reached ** piety under Lugonu
  1636 | D:2      | Found a stormy altar of Qazlal.
  1691 | D:2      | Gained mutation: You have a pair of small horns on your
                  | head. [demonic ancestry]
  1691 | D:2      | Reached XP level 4. HP: 32/35 MP: 6/6
  1840 | D:2      | Identified the +3 helmet of Jaxtuxel {MR- Regen+ Dex+8
                  | Slay-3}
  1840 | D:2      | Noticed Robin
  1859 | D:2      | Killed Robin
  1915 | D:2      | Found a shimmering blue altar of Sif Muna.
  2125 | D:2      | Noticed Natasha
  2131 | D:2      | Killed Natasha
  2131 | D:2      | Reached skill level 4 in Axes
  2131 | D:2      | Reached XP level 5. HP: 38/41 MP: 8/8
  2638 | D:3      | You fall into a shaft and drop 2 floors!
  2638 | D:5      | Entered Level 5 of the Dungeon
  2639 | D:5      | Noticed an ice beast
  2808 | D:4      | Found a runed translucent door.
  2933 | D:3      | Reached *** piety under Lugonu
  2933 | D:3      | Reached skill level 5 in Invocations
  3115 | D:3      | Found a burning altar of Makhleb.
  3498 | D:3      | Found a blossoming altar of Fedhas.
  3714 | D:4      | Reached skill level 1 in Dodging
  3714 | D:4      | Reached XP level 6. HP: 47/47 MP: 9/9
  3826 | D:4      | HP: 2/47 [poisoned by a scorpion]
  3834 | D:4      | HP: 2/47 [poisoned by a scorpion]
  4163 | D:4      | Reached skill level 5 in Axes
  4247 | D:4      | Found a glowing silver altar of Zin.
  4934 | D:4      | Noticed peterlawrence's ghost (novice MiFi)
  5048 | D:5      | Found a shattered altar of Ashenzari.
  5065 | D:5      | Found Buqint's Distillery.
  5079 | D:5      | Bought a potion of curing for 30 gold pieces
  5079 | D:5      | Bought a potion of heal wounds for 50 gold pieces
  5335 | D:5      | Killed an ice beast
  5335 | D:5      | Reached XP level 7. HP: 46/52 MP: 11/11
  5562 | D:6      | Found a sacrificial altar of Ru.
  5685 | D:6      | Found a runed translucent gate.
  5685 | D:6      | Found a runed translucent gate.
  5686 | D:6      | Found a runed translucent gate.
  5687 | D:6      | Noticed Xye's ghost (novice MiBe)
  5777 | D:6      | Found a hide-covered altar of Uskayaw.
  5824 | D:6      | Reached skill level 6 in Axes
  5956 | D:6      | Found a basalt altar of Yredelemnul.
  5956 | D:6      | Found a radiant altar of Vehumet.
  6204 | D:6      | Noticed Edmund
  6221 | D:6      | Killed Edmund
  6433 | D:7      | Gained mutation: You have a pair of horns on your head.
                  | [demonic ancestry]
  6433 | D:7      | Reached XP level 8. HP: 34/58 MP: 13/13
  6600 | D:7      | Reached **** piety under Lugonu
  6873 | D:7      | Reached skill level 7 in Axes
  6942 | D:7      | Found a staircase to the Ecumenical Temple.
  7779 | D:8      | Reached skill level 8 in Axes
  7909 | D:8      | Gained mutation: When seriously injured, your bleeding
                  | wounds create armour. (AC +9) [demonic ancestry]
  7909 | D:8      | Reached XP level 9. HP: 43/63 MP: 15/15
  7980 | D:8      | Reached skill level 5 in Armour
  8581 | D:8      | Found a staircase to the Lair.
  9039 | D:9      | Found a shimmering blue altar of Sif Muna.
  9041 | D:9      | Found an ornate altar of the Wu Jian Council.
  9041 | D:9      | Found a radiant altar of Vehumet.
  9043 | D:9      | Found a shimmering altar of Xom.
  9043 | D:9      | Found an opulent altar of Gozag.
  9043 | D:9      | Found an ornate altar of the Wu Jian Council.
  9074 | D:9      | Reached skill level 9 in Axes
  9540 | D:10     | Entered Level 10 of the Dungeon
  9992 | D:10     | Found a basalt altar of Yredelemnul.
 10000 | D:10     | Noticed a gargoyle
 10007 | D:10     | Banished a gargoyle
 10007 | D:10     | Reached skill level 10 in Invocations
 10007 | D:10     | Reached XP level 10. HP: 41/70 MP: 17/17
 10296 | D:10     | Found a staircase to the Orcish Mines.
 10305 | D:10     | Reached skill level 10 in Axes
 10565 | D:10     | Noticed a two-headed ogre
 10568 | D:10     | Banished a two-headed ogre
 10977 | D:11     | Noticed an eight-headed hydra
 11067 | Lair:1   | Entered Level 1 of the Lair of Beasts
 11589 | Lair:1   | Found an ornate altar of the Wu Jian Council.
 11720 | Lair:2   | Noticed a seven-headed hydra
 11723 | Lair:2   | Banished a seven-headed hydra
 11793 | Lair:2   | Noticed an eight-headed hydra
 11797 | Lair:2   | Banished an eight-headed hydra
 11893 | Lair:2   | Reached skill level 11 in Axes
 11988 | Lair:2   | Noticed a spiny frog
 12015 | Lair:2   | Killed a spiny frog
 12029 | Lair:2   | Reached XP level 11. HP: 55/75 MP: 19/19
 12251 | Lair:2   | Found a staircase to the Snake Pit.
 13194 | Lair:3   | Noticed a six-headed hydra
 13203 | Lair:3   | Killed a six-headed hydra
 14232 | Lair:3   | Noticed a six-headed hydra
 14243 | Lair:3   | Banished a six-headed hydra
 14243 | Lair:3   | Reached skill level 12 in Axes
 14683 | Lair:3   | Found a staircase to the Swamp.
 15941 | Lair:4   | Reached skill level 5 in Dodging
 15941 | Lair:4   | Gained mutation: When seriously injured, your bleeding
                  | wounds create thick armour. (AC +9) [demonic ancestry]
 15941 | Lair:4   | Reached XP level 12. HP: 61/81 MP: 21/21
 16551 | Lair:4   | Noticed Nergalle
 16569 | Lair:4   | Banished Nergalle
 16834 | Lair:4   | Noticed a death yak
 16834 | Lair:4   | Noticed Sonja
 16866 | Lair:4   | Killed a death yak
 17032 | Lair:4   | Killed Sonja
 17757 | Lair:5   | Reached skill level 13 in Axes
 17825 | Lair:5   | Noticed a death yak
 17825 | Lair:5   | Noticed a death yak
 17825 | Lair:5   | Noticed a death yak
 17827 | Lair:5   | Noticed a death yak
 17838 | Lair:5   | Noticed a death yak
 17849 | Lair:4   | Killed a death yak
 18856 | Lair:4   | Killed a death yak
 18954 | Lair:4   | Killed a death yak
 19154 | Lair:4   | Killed a death yak
 19373 | Lair:5   | Killed a death yak
 19642 | Lair:5   | Reached XP level 13. HP: 62/86 MP: 22/22
 19650 | Lair:5   | Reached skill level 10 in Armour
 19653 | Lair:5   | Reached skill level 14 in Axes
 20106 | Lair:6   | Entered Level 6 of the Lair of Beasts
 20566 | Lair:6   | Found a viscous altar of Jiyva.
 20691 | Lair:6   | Noticed Kirke
 20959 | Lair:5   | Killed Kirke
 21124 | Lair:6   | Found a staircase to the Slime Pits.
 21743 | Lair:6   | Found a large runed translucent door.
 21744 | Lair:6   | Found a large runed translucent door.
 22409 | Lair:6   | Noticed a fire dragon
 22429 | Lair:6   | Killed a fire dragon
 23111 | Orc:1    | Entered Level 1 of the Orcish Mines
 23299 | Orc:1    | Found a roughly hewn altar of Beogh.
 24284 | Orc:2    | Entered Level 2 of the Orcish Mines
 24348 | Orc:1    | Reached skill level 15 in Axes
 24495 | Orc:2    | Found Coch's Distillery.
 24495 | Orc:2    | Found Irhuir's Antique Armour Shoppe.
 24635 | Orc:2    | Gained mutation: You have a pair of large horns on your
                  | head. [demonic ancestry]
 24635 | Orc:2    | Reached XP level 14. HP: 68/93 MP: 23/23
 24679 | Orc:2    | Found a roughly hewn altar of Beogh.
 24692 | Orc:2    | Found Suveofuf's Weapon Boutique.
 24692 | Orc:2    | Found a staircase to the Elven Halls.
 24711 | Orc:2    | Reached ***** piety under Lugonu
 24805 | Orc:2    | Found a frozen archway.
 24829 | IceCv    | Entered an ice cave
 24848 | IceCv    | Found a transporter.
 24953 | IceCv    | Found a transporter.
 25421 | Orc:2    | Found a burning altar of Makhleb.
 25542 | Orc:2    | Found Pyrulaps's Distillery.
 25543 | Orc:2    | Found Miwumore's Assorted Antiques.
 25707 | Orc:2    | Bought a potion of heal wounds for 65 gold pieces
 25707 | Orc:2    | Bought a potion of heal wounds for 65 gold pieces
 25707 | Orc:2    | Bought a potion of heal wounds for 65 gold pieces
 26300 | D:11     | Noticed Erolcha
 26302 | D:11     | Noticed Fannar
 26389 | D:11     | Killed Fannar
 26673 | D:11     | Killed Erolcha
 26673 | D:11     | Reached skill level 16 in Axes
 26673 | D:11     | Noticed Harold
 26697 | D:11     | Killed Harold
 26772 | D:11     | Noticed Urug
 26780 | D:11     | Killed Urug
 27059 | D:11     | Got a clouded bone ring
 27061 | D:11     | Identified the cursed ring "Hizez" {rF+ Str-4 Slay+3} (You
                  | found it on level 11 of the Dungeon)
 27162 | D:11     | You fall into a shaft and drop 1 floor!
 27228 | D:12     | Noticed Roomul's ghost (novice FeEn)
 27229 | D:12     | Found a transporter.
 27233 | D:12     | Identified the +10 great mace "Zuny" {freeze, rF++ rC+}
 27233 | D:12     | Noticed a frost giant
 27785 | D:12     | Found a transporter.
 28069 | D:13     | Noticed Jorgrun
 28072 | D:13     | Banished Jorgrun
 28294 | D:13     | Noticed an ironheart preserver
 28490 | D:13     | Killed an ironheart preserver
 28613 | D:13     | Found a gate to the Vaults.
 28813 | D:14     | Reached skill level 5 in Fighting
 28813 | D:14     | Reached skill level 10 in Dodging
 28814 | D:14     | Reached XP level 15. HP: 80/103 MP: 24/24
 29089 | D:14     | Identified Roxanne's Handbook of the Mountains
 29089 | D:14     | Noticed Roxanne
 29968 | D:15     | Entered Level 15 of the Dungeon
 30448 | Swamp:1  | Entered Level 1 of the Swamp
 31881 | Swamp:1  | Reached ****** piety under Lugonu
 31951 | Swamp:1  | Got a flickering wooden ring
 33252 | Swamp:2  | Reached skill level 17 in Axes
 33317 | Swamp:2  | Identified the Guide on Sinister Translocation
 33322 | Swamp:2  | Found a transporter.
 34694 | Swamp:2  | Found a transporter.
 35239 | Swamp:2  | Gained mutation: Your magical capacity is low. (-10% MP)
                  | [mutagenic glow]
 35280 | Swamp:2  | Gained mutation: You occasionally shout uncontrollably at
                  | your foes. [mutagenic glow]
 35391 | Swamp:2  | Gained mutation: Armour fits poorly on your strangely
                  | shaped body. [mutagenic glow]
 35447 | Swamp:2  | Gained mutation: Your body sometimes deteriorates upon
                  | taking damage. [mutagenic glow]
 35495 | Swamp:2  | Gained mutation: You do not regenerate when monsters are
                  | visible. [mutagenic glow]
 35533 | Swamp:2  | Gained mutation: Potions are less effective at restoring
                  | your health. [mutagenic glow]
 35583 | Swamp:2  | Gained mutation: Your system is resistant to poisons.
                  | (rPois) [mutagenic glow]
 35626 | Swamp:2  | Gained mutation: Your body often deteriorates upon taking
                  | damage. [mutagenic glow]
 35683 | Swamp:2  | Gained mutation: Scrolls take you a little longer to read.
                  | [mutagenic glow]
 35738 | Swamp:2  | Gained mutation: Your magical capacity is very low. (-20%
                  | MP) [mutagenic glow]
 35741 | Swamp:2  | Got a warped turquoise ring
 35755 | Swamp:2  | Got an ancient tin amulet
 35758 | Swamp:2  | Identified the amulet "Etoshuo" {Acrobat rPois rC- Str+8
                  | Int-2} (You found it on level 2 of the Swamp)
 35763 | Swamp:2  | Identified the ring of Padgheowi {rC+ AC+4} (You found it
                  | on level 1 of the Swamp)
 35765 | Swamp:2  | Identified the ring of the Hippo {rPois rC++ MR+ Dex-4
                  | Stlth+} (You found it on level 2 of the Swamp)
 35773 | Swamp:2  | Lost mutation: Your magical capacity is very low. (-20% MP)
                  | [potion of mutation]
 35773 | Swamp:2  | Lost mutation: Potions are less effective at restoring your
                  | health. [potion of mutation]
 35773 | Swamp:2  | Lost mutation: Your body often deteriorates upon taking
                  | damage. [potion of mutation]
 35773 | Swamp:2  | Gained mutation: Your flesh is cold resistant. (rC+)
                  | [potion of mutation]
 35773 | Swamp:2  | Gained mutation: You possess an exceptional clarity of
                  | mind. [potion of mutation]
 35774 | Swamp:2  | Lost mutation: You do not regenerate when monsters are
                  | visible. [potion of mutation]
 35774 | Swamp:2  | Lost mutation: Your system is resistant to poisons. (rPois)
                  | [potion of mutation]
 35774 | Swamp:2  | Lost mutation: You occasionally shout uncontrollably at
                  | your foes. [potion of mutation]
 35774 | Swamp:2  | Lost mutation: You possess an exceptional clarity of mind.
                  | [potion of mutation]
 35774 | Swamp:2  | Gained mutation: Your muscles are strong. (Str +2) [potion
                  | of mutation]
 35774 | Swamp:2  | Gained mutation: You are agile. (Dex +2) [potion of
                  | mutation]
 35775 | Swamp:2  | Lost mutation: Armour fits poorly on your strangely shaped
                  | body. [potion of mutation]
 35775 | Swamp:2  | Lost mutation: Scrolls take you a little longer to read.
                  | [potion of mutation]
 35775 | Swamp:2  | Gained mutation: You passively map a small area around you.
                  | [potion of mutation]
 35775 | Swamp:2  | Gained mutation: You are resistant to hostile enchantments.
                  | (MR+) [potion of mutation]
 36747 | Swamp:3  | Gained mutation: You regenerate health from kills. [demonic
                  | ancestry]
 36747 | Swamp:3  | Reached XP level 16. HP: 115/115 MP: 22/22
 36933 | Swamp:4  | Entered Level 4 of the Swamp
 37947 | Swamp:4  | Noticed a thorn hunter
 37963 | Swamp:4  | Killed a thorn hunter
 38204 | Swamp:4  | Reached skill level 18 in Axes
 38799 | Swamp:4  | Got a decaying rune of Zot
 39345 | Snake:1  | Entered Level 1 of the Snake Pit
 39441 | Snake:1  | Noticed Louise
 39454 | Snake:1  | Banished Louise
 40049 | Snake:1  | Found a runed translucent door.
 40204 | Snake:1  | Noticed Frances
 40239 | Snake:1  | Slain by a naga warrior

Illustrated notes

Levels and vault maps discovered:
D:1:      dpeg_arrival_circle_labyrinth_c, layout_loops_ring,
          kennysheep_decorative_pillar
D:2:      layout_loops_ring, marbit_many_paths, lemuel_doored_altar,
          first_ration, minivault_5, uniq_natasha, uniq_robin
D:3:      layout_basic, old_standard_altar, fedhas_altar_4
D:4:      layout_basic, overflow_temple_1_default, gammafunk_ghost_grave,
          st_stairs_4
D:5:      minmay_evil_eye, layout_gridville, kennysheep_mini_moat,
          gup_sewer_entry_pipe, serial_shops, shop, minivault_4
D:6:      layout_basic, lemuel_round_altar, lemuel_crystal_altar,
          gammafunk_temple_overflow_elements, gammafunk_ghost_split, uniq_edmund
D:7:      layout_basic, minmay_temple_entry_oklob, serial_glass,
          glass_columns_c, glass_columns_b, corexii_corridor_pit
D:8:      layout_loops_corners, lair_entry_dummy
D:9:      layout_gridville, doesnt_xom_only_xom
D:10:     layout_cave_pods, orc_david_3, basic_altar,
          hangedman_little_slice_of_home, corner_web_ring
D:11:     layout_basic, uniq_fannar, uniq_harold, uniq_erolcha, uniq_urug
D:12:     layout_cave_pools, gammafunk_ghost_smash, minmay_misc_feat_enclosed
D:13:     layout_basic, skrybe_vaults_entry_preservation, uniq_jorgrun
D:14:     layout_roguey, uniq_roxanne
D:15:     hangedman_depths_entry_civil_slaughter, layout_loops_corners,
          minmay_misc_feat_hallway, minmay_checkerbox
Lair:1:   layout_loops_ring, basic_altar
Lair:2:   layout_chaotic_city, guppyfry_snake_entry_island, grunt_megastairs_2
Lair:3:   beast_lair_carwin_large_4, layout_chaotic_city,
          minmay_swamp_entry_swarm, guppyfry_lair_drakes
Lair:4:   layout_cave_pods, st_stairs_5, infiniplex_staircase_pool, uniq_sonja,
          uniq_nergalle
Lair:5:   layout_gridlike, grunt_forest_large_clearings,
          infiniplex_staircase_pool_2
Lair:6:   cheibrodos_lair_end_hotspot, layout_long_grid, slime_altar_1,
          chequers_serial_rivers_micro_a, chequers_serial_rivers_micro_a,
          uniq_kirke
Swamp:1:  layout_falls_marsh, evilmike_swamp_ruin_house_3, swamp_pool4,
          nicolae_swamp_necromancer_hut
Swamp:2:  gammafunk_its_a_trap, layout_basic_swamp, evilmike_swamp_ruin_house_2
Swamp:3:  layout_basic_swamp, nicolae_swamp_fairy_circle
Swamp:4:  swamp, layout_basic_swamp
Snake:1:  layout_layer_cave, ebering_ghost_reflecting_pool, grunt_ministairs_6,
          uniq_frances, uniq_louise
Orc:1:    layout_caves, basic_altar
Orc:2:    st_orc_ogre_mass, layout_caves, serial_shops, shop, basic_altar,
          portal_ice_cave_entry_imps, nicolae_orc_lost_temple

Skill      XL: |  1  2  3  4  5  6  7  8  9 10 11 12 13 14 15 16 |
---------------+-------------------------------------------------+-----
Axes           | 2 3 4 5 6 8 9 11 12 13 15 16 17 18 | 18.3
Invocations    | 3 4 5 6 8 10 11 12 | 12.0
Dodging        | 1 2 5 7 8 10 11 | 11.8
Armour         | 2 3 4 6 7 8 9 11 12 13 | 13.4
Fighting       | 5 7 9 |  9.0

Action                   |  1- 3 |  4- 6 |  7- 9 | 10-12 | 13-15 | 16-18 || total
-------------------------+-------+-------+-------+-------+-------+-------++-------
Melee: Hand axe          |    98 |   168 |    34 |       |       |       ||   300
       Headbutt          |       |    31 |    38 |   122 |   322 |   115 ||   628
       War axe           |       |       |    25 |       |       |       ||    25
       Flail             |       |       |   220 |   658 |   646 |       ||  1524
       Unarmed           |       |       |       |       |     3 |       ||     3
       Demon trident     |       |       |       |       |   935 |   604 ||  1539
       Battleaxe         |       |       |       |       |    79 |       ||    79
Invok: Depart the Abyss  |     1 |       |       |       |       |       ||     1
       Banish            |       |       |     2 |    14 |    23 |     9 ||    48
Evoke: Wand              |       |       |       |     6 |       |     3 ||     9
  Use: Potion            |     1 |       |       |     1 |    11 |     2 ||    15
       Scroll            |       |     4 |       |     2 |    32 |     2 ||    40
 Stab: Sleeping          |       |     1 |       |       |       |       ||     1
       Confused          |       |       |       |       |     1 |       ||     1
  Eat: Chunk             |     2 |     9 |    12 |    19 |    36 |     5 ||    83
       Ration            |       |     1 |     1 |     5 |     8 |     2 ||    17
Armor: Leather armour    |    33 |    15 |       |       |       |       ||    48
       Plate armour      |       |    46 |   217 |   418 |   957 |   380 ||  2018
Dodge: Dodged            |    58 |    53 |    53 |   360 |   707 |   217 ||  1448
Block: Other             |       |       |       |   150 |   343 |   102 ||   595
       Reflection        |       |       |       |     1 |    13 |     7 ||    21
